[Event "Early-Titled-Tuesday-Blitz-January-16-2024"]
[Site "Chess.com"]
[Date "2024.01.16"]
[Round "8"]
[White "cycygogne"]
[Black "DeArron_Fox"]
[Result "0-1"]
[WhiteElo "2291"]
[BlackElo "2420"]
[TimeControl "180+1"]
[EndTime "9:31:03 PST"]
[Termination "DeArron_Fox won by checkmate"]

1. Nf3 d5 2. b3 Nf6 3. Bb2 Bg4 4. e3 e6 5. h3 Bh5 6. g4 Bg6 7. Ne5 Bd6 8. h4 Be4 9. f3 Bxe5 10. Bxe5 Nxg4 11. Bxg7 Rg8 12. Bb2 Qd6 13. Rg1 Qh2 14. Rxg4 Rxg4 15. fxe4 Qxh4+ 16. Ke2 dxe4 17. Qe1 Qh5 18.
Qf2 Rg2+ 19. Ke1 Rxf2 20. Kxf2 Qf3+ 21. Ke1 Qg3+ 22. Ke2 Qf3+ 23. Ke1 Nd7 24. Nc3 O-O-O 25. Nb5 c6 26. Nd4 Qg3+ 27. Ke2 Ne5 28. Re1 Nf3 29.
Nxf3 Qxf3# 0-1

[Event "Early-Titled-Tuesday-Blitz-January-16-2024"]
[Site "Chess.com"]
[Date "2024.01.16"]
[Round "8"]
[White "dzilleruelo"]
[Black "Allion2017"]
[Result "0-1"]
[WhiteElo "2316"]
[BlackElo "2054"]
[TimeControl "180+1"]
[EndTime "9:31:04 PST"]
[Termination "Allion2017 won by resignation"]

1. e4 c5 2. Nf3 d6 3. d4 cxd4 4. Qxd4 Nc6 5. Qe3 Nf6 6. Be2 g6 7. O-O Bg7 8. h3 O-O 9. Rd1 Qc7 10. Nc3 a6 11. Bd2 h6 12. Rac1 Kh7 13. Be1 Be6 14. Qf4 Nh5 15. Qh4 Bf6 16. Nd5 Bxd5 17. exd5 Bxh4 18.
dxc6 Bf6 19. cxb7 Qxb7 20. b3 Nf4 21. Bf1 Rac8 22. c4 Nxh3+ 23. gxh3 Qxf3 24. Bg2 Qf5 25. Rd5 Qe6 26. Bd2 Qe2 27. Re1 Qxe1+ 28. Bxe1 Rfd8 29. Ra5 e6 30. Rxa6 Kg7 31. a4 d5 32. Ba5 Rd7 33.
cxd5 exd5 34. Bd2 Rc2 35. Bf4 g5 36. Bg3 d4 37. Be4 Rc1+ 38. Kg2 d3 39. Rc6 Rxc6 40. Bxc6 d2 41. Bxd7 d1=Q 42. Bg4 Qxb3 43. a5 Qb7+ 44. Bf3 Qa6 45. Bc7 Bc3 46. Kg3 Bxa5 47. Bxa5 Qxa5 48. h4 Qe5+ 49. Kg4 Qf4+ 0-1

[Event "Early-Titled-Tuesday-Blitz-January-16-2024"]
[Site "Chess.com"]
[Date "2024.01.16"]
[Round "8"]
[White "ChessBliss09"]
[Black "alekroth65"]
[Result "0-1"]
[WhiteElo "2090"]
[BlackElo "2341"]
[TimeControl "180+1"]
[EndTime "9:31:06 PST"]
[Termination "alekroth65 won by checkmate"]

1. d4 d6 2. c4 e5 3. dxe5 dxe5 4. Qxd8+ Kxd8 5. Nc3 c6 6. Nf3 f6 7. e4 Be6 8. Be3 Nd7 9. O-O-O Kc7 10. Be2 a5 11. a3 Ne7 12. Rd2 Nc8 13. Na4 Ncb6 14. Nxb6 Nxb6 15. Rhd1 Be7 16. Bxb6+ Kxb6 17. Kc2 a4 18.
Kc3 Kc5 19. Ne1 Rhd8 20. Rxd8 Rxd8 21. Rxd8 Bxd8 22. Nd3+ Kb6 23. Kb4 c5+ 24. Kxa4 Bxc4 25. Nc1 Be6 26. b4 c4 27. b5 Kc5 28. f3 Bd7 29.
Bxc4 Kxc4 30. Nd3 Bxb5# 0-1

[Event "Early-Titled-Tuesday-Blitz-January-16-2024"]
[Site "Chess.com"]
[Date "2024.01.16"]
[Round "8"]
[White "Kotlyar_K"]
[Black "alvarorodriguezavila"]
[Result "1-0"]
[WhiteElo "2527"]
[BlackElo "2300"]
[TimeControl "180+1"]
[EndTime "9:31:10 PST"]
[Termination "Kotlyar_K won by checkmate"]

1. e4 c5 2. Nf3 g6 3. d4 cxd4 4. Nxd4 Bg7 5. c4 Nc6 6. Be3 Nf6 7. Nc3 Ng4 8. Qxg4 Nxd4 9. Qd1 Ne6 10. Rc1 Qa5 11. a3 d6 12. Be2 g5 13. O-O h5 14. Qc2 Bd7 15. Ra1 Rc8 16. b4 Qd8 17.
Rad1 Be5 18. Nd5 Nf4 19. Bxa7 Nxd5 20. Rxd5 Ra8 21. Be3 e6 22. Rd3 Qf6 23. c5 dxc5 24. Bxc5 h4 25. Rfd1 Bc6 26. Rf3 Qg6 27. Bd3 Ba4 28.
Qxa4+ Rxa4 29. Bb5# 1-0

[Event "Early-Titled-Tuesday-Blitz-January-16-2024"]
[Site "Chess.com"]
[Date "2024.01.16"]
[Round "8"]
[White "Konavets"]
[Black "jk13"]
[Result "1-0"]
[WhiteElo "3144"]
[BlackElo "2698"]
[TimeControl "180+1"]
[EndTime "9:31:11 PST"]
[Termination "Konavets won by resignation"]

1. e4 e5 2. Nf3 Nc6 3. Bc4 Bc5 4. c3 Nf6 5. b4 Bb6 6. d3 O-O 7. O-O d6 8. a4 a5 9. b5 Ne7 10. Nbd2 Ng6 11. Re1 h6 12. h3 Re8 13. d4 exd4 14. cxd4 d5 15. exd5 Rxe1+ 16. Qxe1 Bf5 17. Nb3 Nxd5 18.
Nc5 Rb8 19. Bd2 c6 20. Rc1 Qf6 21. Bxa5 Bxc5 22. dxc5 Bxh3 23. Bxd5 cxd5 24. Bc7 Rc8 25. b6 Bd7 26. a5 Bb5 27. Qb4 Bc6 28. a6 bxa6 29.
b7 Bxb7 30. Qxb7 Ne7 31. Bd6 Re8 32. Bxe7 Rxe7 33. Qxd5 1-0

[Event "Early-Titled-Tuesday-Blitz-January-16-2024"]
[Site "Chess.com"]
[Date "2024.01.16"]
[Round "8"]
[White "DvaHrasta"]
[Black "profedechess93"]
[Result "0-1"]
[WhiteElo "2450"]
[BlackElo "2643"]
[TimeControl "180+1"]
[EndTime "9:31:13 PST"]
[Termination "profedechess93 won by checkmate"]

1. c4 e5 2. g3 Nc6 3. Bg2 f5 4. Nh3 Nf6 5. O-O Bc5 6. d3 O-O 7. Nc3 d6 8. Bg5 h6 9. Bxf6 Qxf6 10. Nd5 Qf7 11. e3 Be6 12. f4 Kh8 13. Kh1 Ne7 14.
Nxe7 Qxe7 15. d4 Bb6 16. c5 dxc5 17. dxe5 Rad8 18. Qc2 c4 19. Rae1 Rd3 20. e4 Rfd8 21. exf5 Bxf5 22. Qxc4 Rd2 23. g4 Bd3 24. Qb3 Bxf1 25.
Rxf1 R8d3 26. Qc4 Qh4 27. f5 Rxh3 28. Bxh3 Qxh3 29. Qf4 Qg2# 0-1

[Event "Early-Titled-Tuesday-Blitz-January-16-2024"]
[Site "Chess.com"]
[Date "2024.01.16"]
[Round "8"]
[White "SmirnovTimofey2000"]
[Black "VeraVujovic"]
[Result "0-1"]
[WhiteElo "1989"]
[BlackElo "2219"]
[TimeControl "180+1"]
[EndTime "9:31:13 PST"]
[Termination "VeraVujovic won on time"]

1. e4 e5 2. Nf3 Nc6 3. Bc4 Bc5 4. b4 Bxb4 5. c3 Ba5 6. d4 exd4 7. O-O Nge7 8. cxd4 d6 9. Qa4 Bd7 10. Bb5 a6 11.
Bxc6 Nxc6 12. d5 Nb4 13. Qxa5 Nc2 14. Bb2 Nxa1 15. Bxa1 O-O 16. Rc1 b6 17. Qc3 f6 18.
Qxc7 Rc8 19. Qxc8 Bxc8 20. Bd4 Re8 21. Nbd2 Bg4 22. Rc6 b5 23. Bb6 Qb8 24. Bc7 Qb7 25. Bxd6 Rc8 26. Nd4 Rxc6 27. dxc6 Qb6 28. c7 Qxd4 29.
c8=Q+ Bxc8 0-1

[Event "Early-Titled-Tuesday-Blitz-January-16-2024"]
[Site "Chess.com"]
[Date "2024.01.16"]
[Round "8"]
[White "Felix-Rose"]
[Black "wild3000"]
[Result "1-0"]
[WhiteElo "2221"]
[BlackElo "2363"]
[TimeControl "180+1"]
[EndTime "9:31:14 PST"]
[Termination "Felix-Rose won by resignation"]

1. e4 a5 2. d4 h5 3. Nf3 a4 4. Bd3 h4 5. h3 d6 6. O-O e6 7.
Bg5 Be7 8. Qd2 Bxg5 9. Nxg5 Nf6 10. c4 c5 11. d5 Bd7 12. dxe6 Bxe6 13. Nxe6 fxe6 14.
e5 dxe5 15. Bg6+ Ke7 16. Qg5 Nc6 17. Nc3 Qd4 18. Ne4 Raf8 19. Rad1 Qxc4 20. Rc1 Qxa2 21. Nxc5 Rb8 22. Bb1 Qxb2 23. Qxg7+ Kd6 24. Qxf6 Nd4 25. Ne4+ Kd7 26. Qg7+ 1-0

[Event "Early-Titled-Tuesday-Blitz-January-16-2024"]
[Site "Chess.com"]
[Date "2024.01.16"]
[Round "8"]
[White "Leebit02"]
[Black "pavet"]
[Result "0-1"]
[WhiteElo "2561"]
[BlackElo "2781"]
[TimeControl "180+1"]
[EndTime "9:31:22 PST"]
[Termination "pavet won by resignation"]

1. d4 Nf6 2. c4 g6 3. Nc3 d5 4.
cxd5 Nxd5 5. e4 Nxc3 6. bxc3 Bg7 7. Nf3 c5 8. Bb5+ Bd7 9. Bxd7+ Qxd7 10. O-O O-O 11. Be3 cxd4 12. cxd4 Nc6 13. Rb1 b6 14. d5 Na5 15. Bd4 Rac8 16. Bxg7 Kxg7 17. Qd4+ Kg8 18. Rfc1 Qd6 19. h4 Qf4 20. Rxc8 Rxc8 21. Qe5 Qxe5 22. Nxe5 Rc2 23. a4 f6 24. Nd3 Rc4 25.
Rb4 Rc3 26. Nf4 Kf7 27. f3 Rc4 28. Nd3 Rxb4 29. Nxb4 e6 30. Kf2 exd5 31. Nxd5 Nb3 32. Ke3 Nc5 33. Nc3 Ke6 34. Kd4 a6 35. f4 Kd6 36. g4 Ne6+ 37. Ke3 Nc7 38. g5 fxg5 39. hxg5 Ne6 40. e5+ Kc5 41. Ke4 b5 42. axb5 axb5 43.
Ne2 b4 44. Kd3 Kd5 45. Kc2 Ke4 46. Kb3 Ke3 47. Ng1 Kxf4 48. Kxb4 Kxe5 49. Nh3 Kd4 50. Kb3 Ke3 51. Kc3 Nf4 52. Ng1 Kf2 0-1

[Event "Early-Titled-Tuesday-Blitz-January-16-2024"]
[Site "Chess.com"]
[Date "2024.01.16"]
[Round "8"]
[White "Lennis93"]
[Black "HATilay"]
[Result "0-1"]
[WhiteElo "2753"]
[BlackElo "2587"]
[TimeControl "180+1"]
[EndTime "9:31:23 PST"]
[Termination "HATilay won by resignation"]

1. d4 Nf6 2. c4 e6 3. Nf3 d5 4.
Nbd2 c5 5. e3 Nc6 6. b3 cxd4 7.
exd4 Bb4 8. Bb2 dxc4 9. bxc4 Ne4 10. a3 Ba5 11. Rc1 Nxd2 12. Nxd2 b6 13. d5 exd5 14. cxd5 O-O 15. dxc6 Re8+ 16. Be2 Ba6 17. O-O Bxe2 18.
Qb3 Bxd2 19. Qg3 f6 20. c7 Qe7 21. h4 Bxf1 22. Rxf1 Rac8 23. Rd1 Bh6 24. Qf3 Qxc7 25.
g4 Bf4 26. Rd5 Be5 27. Qb3 Kh8 28. g5 Bxb2 0-1

[Event "Early-Titled-Tuesday-Blitz-January-16-2024"]
[Site "Chess.com"]
[Date "2024.01.16"]
[Round "8"]
[White "chito89"]
[Black "Nuvas"]
[Result "1-0"]
[WhiteElo "2940"]
[BlackElo "2788"]
[TimeControl "180+1"]
[EndTime "9:31:33 PST"]
[Termination "chito89 won by resignation"]

1. d4 d5 2. c4 c6 3. cxd5 cxd5 4. Bg5 h6 5. Bh4 Qb6 6. Nc3 Qxb2 7. Nxd5 e6 8. Qc1 Qxc1+ 9. Rxc1 Na6 10. e4 exd5 11. Rxc8+ Rxc8 12. Bb5+ Rc6 13. exd5 Nb4 14.
dxc6 bxc6 15. Ba4 Bd6 16. Nf3 g5 17. Bg3 Bxg3 18. hxg3 Ne7 19. Nxg5 O-O 20. Rxh6 Ng6 21. Bb3 Nd5 22. Kd2 Re8 23. f3 a5 24. Ne4 Kg7 25.
Rh5 Rd8 26. Bxd5 cxd5 27. Nc3 Ne7 28. Re5 Kf8 29. g4 Rd6 30. g5 f6 31. gxf6 Rxf6 32. Rxe7 1-0

[Event "Early-Titled-Tuesday-Blitz-January-16-2024"]
[Site "Chess.com"]
[Date "2024.01.16"]
[Round "8"]
[White "kai_nov"]
[Black "pfalcon1949"]
[Result "1-0"]
[WhiteElo "2321"]
[BlackElo "1985"]
[TimeControl "180+1"]
[EndTime "9:31:34 PST"]
[Termination "kai_nov won by resignation"]

1. d4 Nf6 2. Nc3 d5 3. Bg5 c5 4. dxc5 e6 5. Nf3 Bxc5 6. e4 d4 7. e5 h6 8. exf6 hxg5 9. Ne4 Bf8 10. Qxd4 Qxd4 11. Nxd4 gxf6 12. Nxf6+ Ke7 13. Ne4 a6 14.
Nxg5 Bg7 15. Ngf3 Bd7 16. O-O-O Nc6 17. c3 Rac8 18. Kb1 e5 19. Nxc6+ Bxc6 20. Re1 Bxf3 21. gxf3 Rcd8 22. h4 Rd2 23. Rh2 Bf6 24. h5 Rhd8 25. Bh3 Rd1+ 26. Rxd1 Rxd1+ 27. Kc2 Rg1 28. h6 Kf8 29. Bf5 Kg8 30. h7+ Kh8 31. Be4 b6 32. Rh6 Bg7 33. Rxb6 Rg2 1-0

[Event "Early-Titled-Tuesday-Blitz-January-16-2024"]
[Site "Chess.com"]
[Date "2024.01.16"]
[Round "8"]
[White "Grandelicious"]
[Black "Arifarsky"]
[Result "1-0"]
[WhiteElo "2927"]
[BlackElo "2720"]
[TimeControl "180+1"]
[EndTime "9:31:36 PST"]
[Termination "Grandelicious won by resignation"]

1. g3 d5 2. Bg2 Nf6 3. Nf3 Bf5 4. O-O c6 5. c4 e6 6. cxd5 cxd5 7. Qb3 Nbd7 8. Qxb7 Bc5 9. Nc3 O-O 10. d3 h6 11.
Bf4 Nb6 12. Rac1 Bd6 13. Bxd6 Qxd6 14. Qa6 Bh7 15. Qa5 Nfd7 16. Nb5 Qe7 17. Rc7 Qd8 18. Rfc1 a6 19. Nbd4 Qb8 20. Nc6 Qe8 21. Nfe5 Nxe5 22. Nxe5 Qb5 23. Qxb5 axb5 24. Rb7 Nc8 25. a3 Nd6 26.
Rb6 Rfd8 27. Rc7 f6 28. Nc6 Ne8 29. Rcb7 Rd6 30. Nd4 e5 31. Nxb5 1-0

[Event "Early-Titled-Tuesday-Blitz-January-16-2024"]
[Site "Chess.com"]
[Date "2024.01.16"]
[Round "8"]
[White "crescentmoon2411"]
[Black "DenLaz"]
[Result "1-0"]
[WhiteElo "2959"]
[BlackElo "3069"]
[TimeControl "180+1"]
[EndTime "9:31:38 PST"]
[Termination "crescentmoon2411 won by resignation"]

1. d4 f5 2. g3 Nf6 3. Bg2 g6 4.
h4 Bg7 5. Nc3 d5 6. h5 Nxh5 7.
Bxd5 c6 8. Bf3 Qxd4 9. Bxh5 Qxd1+ 10. Nxd1 gxh5 11. Rxh5 Na6 12. Bd2 Nc5 13. Bc3 e5 14. Nf3 O-O 15. Bxe5 Bxe5 16. Nxe5 Be6 17. Nc3 Rad8 18.
Rg5+ Kh8 19. f3 Rg8 20. Rxg8+ Kxg8 21. Rd1 Re8 22. Nd3 Nxd3+ 23. cxd3 Kf7 24. Kf2 b5 25. a3 a5 26. Rh1 Kg6 27. e4 Rb8 28. Ne2 Bd7 29.
Nf4+ Kg7 30. Rc1 Kf6 31. Rc5 fxe4 32. fxe4 a4 33. Rh5 Kg7 34. Ke3 b4 35. Ra5 bxa3 36. bxa3 Kf6 37. Rxa4 1-0

[Event "Early-Titled-Tuesday-Blitz-January-16-2024"]
[Site "Chess.com"]
[Date "2024.01.16"]
[Round "8"]
[White "koncheto"]
[Black "SergioMoralesG"]
[Result "0-1"]
[WhiteElo "2576"]
[BlackElo "2451"]
[TimeControl "180+1"]
[EndTime "9:31:44 PST"]
[Termination "SergioMoralesG won by checkmate"]

1. e4 c5 2. Nf3 e6 3. d4 cxd4 4. Nxd4 Nc6 5. Nc3 Qc7 6. f4 a6 7. Nxc6 bxc6 8. Be3 d5 9. Bd3 Nf6 10. O-O Bb4 11. Qf3 O-O 12. Ne2 dxe4 13. Bxe4 Nxe4 14.
Qxe4 Be7 15. Rad1 Rb8 16. b3 c5 17. Ng3 Bb7 18. Qa4 Rfd8 19. f5 Rxd1 20. Rxd1 Rd8 21. Rxd8+ Qxd8 22. Qg4 Qd5 23. Nh5 Qe5 24. Bd2 exf5 25.
Qd1 c4 26. Nf4 Bc5+ 27. Kh1 g5 28. Ne2 Bxg2+ 29. Kxg2 Qe4+ 30. Kf1 Qh1+ 31. Ng1 Qxg1+ 32. Ke2 Qf2# 0-1

[Event "Early-Titled-Tuesday-Blitz-January-16-2024"]
[Site "Chess.com"]
[Date "2024.01.16"]
[Round "8"]
[White "Garbaranza"]
[Black "MokshAD1603"]
[Result "1/2-1/2"]
[WhiteElo "2433"]
[BlackElo "2590"]
[TimeControl "180+1"]
[EndTime "9:31:44 PST"]
[Termination "Game drawn - insufficient material"]

1. e4 c5 2. Nc3 d6 3. f4 g6 4. Nf3 Bg7 5. Bc4 Nc6 6. O-O e6 7. d3 Nge7 8. Qe1 O-O 9. f5 gxf5 10. Qh4 Ng6 11. Qh5 Nd4 12. Ng5 h6 13. Nxf7 Rxf7 14. Qxg6 Nxc2 15. Rb1 b5 16. Nxb5 d5 17. Bb3 Ba6 18.
Bxc2 Bxb5 19. exf5 exf5 20. Rxf5 Rxf5 21. Qxf5 Qd7 22.
Qxd7 Bxd7 23. Bb3 Be6 24. Be3 c4 25. dxc4 dxc4 26. Bc2 Rb8 27. Bxa7 Ra8 28. Bc5 Rxa2 29. Ba3 c3 30. Re1 Bf7 31. Bb1 Ra1 32. Bh7+ Kxh7 33.
Rxa1 cxb2 34. Rb1 Bg6 35. Rxb2 Bxb2 36. Bxb2 Be4 37. Kf2 h5 38. h3 Kg6 39. Be5 Kf5 40. Bc7 Bc6 41. Bd8 Kg6 42. g4 hxg4 43. hxg4 Bd7 44. Kg3 Bxg4 1/2-1/2

[Event "Early-Titled-Tuesday-Blitz-January-16-2024"]
[Site "Chess.com"]
[Date "2024.01.16"]
[Round "8"]
[White "DDTerziev04"]
[Black "andrzej"]
[Result "0-1"]
[WhiteElo "2163"]
[BlackElo "2376"]
[TimeControl "180+1"]
[EndTime "9:31:45 PST"]
[Termination "andrzej won by resignation"]

1. e4 e5 2. Nf3 Nf6 3. Nc3 Bb4 4. Nxe5 O-O 5. d3 d5 6. Bg5 d4 7. a3 Bd6 8. f4 dxc3 9. bxc3 Be7 10. Be2 h6 11. Bh4 Nbd7 12. Nf3 Ng4 13. Bxe7 Qxe7 14. Qd2 f5 15. h3 fxe4 16. dxe4 Ngf6 17. e5 Nh5 18. O-O Nxf4 19. Bc4+ Kh8 20. Nd4 Qg5 21. Kh2 Nxe5 22. Bb3 Bd7 23. g3 Nxh3 24. Rxf8+ Rxf8 25. Qxg5 Nxg5 26. Kg2 c5 0-1

[Event "Early-Titled-Tuesday-Blitz-January-16-2024"]
[Site "Chess.com"]
[Date "2024.01.16"]
[Round "8"]
[White "imdarealist"]
[Black "abelmat"]
[Result "1-0"]
[WhiteElo "2271"]
[BlackElo "2051"]
[TimeControl "180+1"]
[EndTime "9:31:46 PST"]
[Termination "imdarealist won on time"]

1. d4 d5 2. Bf4 Nf6 3. e3 c5 4. dxc5 Nc6 5. Bb5 e6 6. b4 a5 7. c3 Bd7 8. Qb3 Nh5 9. Nd2 axb4 10. cxb4 Nxf4 11. exf4 Qf6 12. Rb1 Be7 13. Ne2 O-O 14. O-O Rfd8 15. Nf3 h6 16. Rfd1 Ra7 17. a4 Raa8 18. Rdc1 Bf8 19. Bxc6 bxc6 20. b5 cxb5 21.
axb5 Rdb8 22. c6 Bc8 23. b6 Ba6 24. b7 Bxe2 25. bxa8=Q Rxa8 26. c7 Bxf3 27. Qxf3 Bd6 28. c8=Q+ Rxc8 29. Rxc8+ Kh7 30. Qd3+ g6 31. g3 1-0

[Event "Early-Titled-Tuesday-Blitz-January-16-2024"]
[Site "Chess.com"]
[Date "2024.01.16"]
[Round "8"]
[White "1mbl4"]
[Black "InitiatingASC"]
[Result "0-1"]
[WhiteElo "2572"]
[BlackElo "2440"]
[TimeControl "180+1"]
[EndTime "9:31:47 PST"]
[Termination "InitiatingASC won on time"]

1. e4 c5 2. Nc3 Nc6 3. f4 e6 4.
Nf3 a6 5. a4 Nge7 6. e5 d6 7.
exd6 Qxd6 8. Bc4 Qxf4 9. d3 Qc7 10. O-O h6 11. Ne4 Nf5 12. g4 Nfd4 13. c3 Nxf3+ 14.
Qxf3 Ne5 15. Qg3 f6 16. Bf4 Bd6 17. Nxd6+ Qxd6 18. Rae1 O-O 19. Bxe5 fxe5 20. Rxf8+ Kxf8 21. Qxe5 Qxe5 22. Rxe5 b5 23. axb5 axb5 24. Bxb5 Ra1+ 25. Kf2 Rb1 26. Rxc5 Rxb2+ 27. Ke3 Bb7 28. Bc4 Ke7 29. Rc7+ Kf6 30. h4 g5 31. hxg5+ hxg5 32. Kd4 Bf3 33. Rh7 Bxg4 34. Kc5 Bf5 35. Rh6+ Kg7 0-1

[Event "Early-Titled-Tuesday-Blitz-January-16-2024"]
[Site "Chess.com"]
[Date "2024.01.16"]
[Round "8"]
[White "Yeritsyaan"]
[Black "GrumbleBruno"]
[Result "1-0"]
[WhiteElo "2655"]
[BlackElo "2473"]
[TimeControl "180+1"]
[EndTime "9:31:48 PST"]
[Termination "Yeritsyaan won on time"]

1. d4 Nf6 2. Nc3 g6 3. e4 d5 4. e5 Ne4 5. Bd3 c5 6. Bxe4 dxe4 7. d5 Bg7 8. Bf4 f5 9. f3 O-O 10. Qd2 Nd7 11. e6 Nb6 12. O-O-O Nc4 13. Qe2 Nxb2 14.
Nb1 Qb6 15. Nh3 Na4 16. Qc4 Qb2+ 17. Kd2 b5 18. Qb3 exf3 19. gxf3 Rd8 20. Ke2 Qf6 21.
c4 Nb6 22. Qxb5 Bb7 23. Rhe1 Bxd5 24. cxd5 Nxd5 25. Kf1 Nxf4 26. Nxf4 Qh4 27. Ng2 1-0

[Event "Early-Titled-Tuesday-Blitz-January-16-2024"]
[Site "Chess.com"]
[Date "2024.01.16"]
[Round "8"]
[White "GothamChess"]
[Black "MightyGMpretender"]
[Result "1-0"]
[WhiteElo "2732"]
[BlackElo "2846"]
[TimeControl "180+1"]
[EndTime "9:31:50 PST"]
[Termination "GothamChess won by checkmate"]

1. e4 g6 2. Nc3 Bg7 3. Bc4 d6 4. a3 Nf6 5. d3 O-O 6. h4 c6 7.
Ba2 e5 8. h5 Nxh5 9. Rxh5 gxh5 10. Qxh5 Qf6 11. Nf3 Qg6 12. Qh2 Be6 13. Be3 Nd7 14.
O-O-O Bxa2 15. Nxa2 f5 16. Nh4 Qe6 17. Nc3 f4 18.
Bd2 Nf6 19. Nf5 Ng4 20. Qh5 Nh6 21. g4 Nxf5 22. gxf5 Qh6 23. Qf3 Bf6 24. Rh1 Qg7 25. Ne2 Kh8 26. d4 Rg8 27. dxe5 dxe5 28. Qh5 Rad8 29.
Bc3 Rd7 30. b3 Qg4 31. Qh6 Bg7 32. Qxh7# 1-0

[Event "Early-Titled-Tuesday-Blitz-January-16-2024"]
[Site "Chess.com"]
[Date "2024.01.16"]
[Round "8"]
[White "marina1994"]
[Black "the_blue_pill"]
[Result "1-0"]
[WhiteElo "2527"]
[BlackElo "2342"]
[TimeControl "180+1"]
[EndTime "9:31:50 PST"]
[Termination "marina1994 won by resignation"]

1. e4 c5 2. Nf3 e6 3. d4 cxd4 4. Nxd4 Nf6 5. Nc3 d6 6. Be2 Be7 7. O-O O-O 8. Be3 Nc6 9. Kh1 a6 10. f4 Qc7 11. Qe1 Nxd4 12. Bxd4 b5 13. a3 Bb7 14. Qg3 g6 15. Bf3 Rfd8 16. Qf2 Nd7 17. Rad1 Rac8 18. Rd2 Rf8 19. f5 Ne5 20. Be2 Bf6 21.
Bb6 Qe7 22. Rfd1 Rc6 23. Be3 Bh4 24. Qf1 Bf6 25. Bh6 Rfc8 26. Qf2 Bh4 27. Qf1 Bg5 28. Bxg5 Qxg5 29. Qf2 Rxc3 30. bxc3 Bxe4 31. Rxd6 gxf5 32. Bf1 Rxc3 33. Qd4 Rxc2 34. Rd8+ Kg7 35. Qxe5+ Kg6 36. Rg8+ 1-0

[Event "Early-Titled-Tuesday-Blitz-January-16-2024"]
[Site "Chess.com"]
[Date "2024.01.16"]
[Round "8"]
[White "SanchezKelvin"]
[Black "KVAIDAN"]
[Result "1-0"]
[WhiteElo "2568"]
[BlackElo "2402"]
[TimeControl "180+1"]
[EndTime "9:31:51 PST"]
[Termination "SanchezKelvin won by resignation"]

1. e4 e5 2. Nf3 d5 3. Nxe5 Bd6 4.
d4 dxe4 5. Nc4 Nf6 6. Ne3 Nc6 7. a3 Qe7 8. c4 O-O 9. Nc2 b6 10. Be2 Bf5 11. Nc3 Rad8 12. Be3 Qd7 13. h3 Na5 14. Bg5 Be7 15. Ne3 Bg6 16. d5 h6 17. Bf4 c6 18. b4 cxd5 19. Ncxd5 Nxd5 20. Nxd5 Nc6 21. O-O Qe6 22. Re1 Ne5 23. Qd4 Bd6 24. Rad1 Qf5 25.
Bxe5 Qxe5 26. Qxe5 Bxe5 27. Ne7+ Kh7 28. Rxd8 Rxd8 29.
Nc6 Bc3 30. Rc1 Rd2 31. Rxc3 Rxe2 32. Nxa7 f5 33. c5 bxc5 34. bxc5 f4 35. c6 e3 36.
fxe3 Bb1 37. exf4 Be4 38. c7 Rxg2+ 39. Kf1 Rh2 40. c8=Q 1-0

[Event "Early-Titled-Tuesday-Blitz-January-16-2024"]
[Site "Chess.com"]
[Date "2024.01.16"]
[Round "8"]
[White "Russian_berezka"]
[Black "GMRAVEN_ON_YOUTUBE"]
[Result "0-1"]
[WhiteElo "2574"]
[BlackElo "2827"]
[TimeControl "180+1"]
[EndTime "9:31:54 PST"]
[Termination "GMRAVEN_ON_YOUTUBE won by resignation"]

1. d4 f5 2. Nc3 Nf6 3. Bg5 d5 4. Bxf6 exf6 5. e3 Be6 6. Nge2 Nc6 7. Nf4 Bf7 8. a3 Qd7 9. b4 Ne7 10. Bd3 Nc8 11. O-O c6 12. b5 Nd6 13. bxc6 Qxc6 14. Qd2 Rc8 15. Nfe2 Ne4 16. Bxe4 fxe4 17. Rab1 a6 18.
Rb3 Bd6 19. Rfb1 b5 20. a4 b4 21. Na2 Qxc2 22. Qxc2 Rxc2 23. Nxb4 Rxe2 24. Kf1 Bh5 25. h3 f5 26. g4 fxg4 27. Kxe2 gxh3+ 28. Kd2 O-O 29. Nxa6 h2 30. Rb6 Rxf2+ 31. Kc3 Be2 32. Rxd6 Rf1 33. Rb8+ Rf8 34. Rdd8 Rxd8 35. Rxd8+ Kf7 36. Nc7 h1=Q 37. Rd7+ Kg6 38. Rd6+ Kh5 39. Rxd5+ g5 40. Ne6 Qc1+ 41. Kb4 Qc4+ 42. Ka5 Qxd5+ 43. Kb4 Qxe6 0-1

[Event "Early-Titled-Tuesday-Blitz-January-16-2024"]
[Site "Chess.com"]
[Date "2024.01.16"]
[Round "8"]
[White "Nikolakis2014"]
[Black "Nf3c5"]
[Result "1-0"]
[WhiteElo "2739"]
[BlackElo "2558"]
[TimeControl "180+1"]
[EndTime "9:31:54 PST"]
[Termination "Nikolakis2014 won on time"]

1. Nf3 d5 2. d4 Nf6 3. c4 e6 4. g3 c5 5. Bg2 Nc6 6. O-O cxd4 7.
Nxd4 Bc5 8. Nb3 Bb6 9. Bg5 dxc4 10. Qxd8+ Bxd8 11. N3d2 Na5 12. Na3 c3 13. bxc3 Bd7 14. Nac4 Bc6 15. Bxc6+ bxc6 16. Rab1 Nxc4 17. Nxc4 Ne4 18.
Bf4 Be7 19. Rb7 f6 20. f3 Nxc3 21. Bd6 Bd8 22. Rxg7 Nxe2+ 23. Kf2 Nd4 24. Re1 e5 25. Nxe5 fxe5 26. Rxe5+ 1-0

[Event "Early-Titled-Tuesday-Blitz-January-16-2024"]
[Site "Chess.com"]
[Date "2024.01.16"]
[Round "8"]
[White "DraningWaterHi"]
[Black "Jojo_898"]
[Result "1-0"]
[WhiteElo "2184"]
[BlackElo "2450"]
[TimeControl "180+1"]
[EndTime "9:31:54 PST"]
[Termination "DraningWaterHi won by resignation"]

1. d4 Nf6 2. c4 e6 3. g3 d5 4. Bg2 Ne4 5. f3 Nf6 6. e4 dxc4 7. Qa4+ Nbd7 8. Ne2 a6 9. Qxc4 Nb6 10.
Qc2 Bb4+ 11. Bd2 Bxd2+ 12. Qxd2 O-O 13. b3 Qe7 14. Nbc3 e5 15. d5 c6 16. Qe3 Qc7 17.
d6 Qd8 18. O-O Be6 19. f4 Nc8 20. fxe5 Ng4 21. Qd4 b6 22. Nd1 c5 23. Qc3 Qg5 24. h3 Nxe5 25. h4 Qg4 26. Nf2 Qxe2 27. Qxe5 Ra7 28.
Rfe1 Qd2 29. Red1 Qh6 30. Rac1 Rd7 31. Rc3 Rfd8 32. Rcd3 Qg6 33. Kh2 c4 34. bxc4 Bxc4 35. Rd4 b5 36. Bh3 Be6 37. Bxe6 Qxe6 38. Qxe6 fxe6 39. e5 Nb6 40. Ne4 Nc4 41. Rxc4 bxc4 42.
Nc5 Rf7 43. Nxe6 Rb8 44. Nc5 Rf2+ 45. Kh3 Re2 46. e6 Kf8 47. Nd7+ 1-0

[Event "Early-Titled-Tuesday-Blitz-January-16-2024"]
[Site "Chess.com"]
[Date "2024.01.16"]
[Round "8"]
[White "Kildepiotr"]
[Black "emeli_chess"]
[Result "1-0"]
[WhiteElo "2658"]
[BlackElo "2451"]
[TimeControl "180+1"]
[EndTime "9:31:56 PST"]
[Termination "Kildepiotr won by resignation"]

1. Nf3 d5 2. g3 c5 3. Bg2 Nc6 4. O-O e5 5. d3 f6 6. Nbd2 Be6 7. e4 d4 8. Nh4 Qd7 9. f4 O-O-O 10. a4 exf4 11. gxf4 Bd6 12. Nc4 Bc7 13. Nf5 g6 14. Ng3 Nge7 15. Qf3 h6 16. Bd2 g5 17. Qf2 Kb8 18.
Kh1 h5 19. fxg5 h4 20. Nf5 h3 21. Bf3 Nxf5 22. exf5 Bd5 23. Bxd5 Qxd5+ 24. Qf3 fxg5 25. Qxd5 Rxd5 26. Bxg5 Rg8 27. Bf4 Nd8 28. Bxc7+ Kxc7 29. Rf3 Nf7 30. Rg1 Rxg1+ 31. Kxg1 Ng5 32. Rf4 Kd7 33.
f6 Nf7 34. Kf2 Ke6 35. Kg3 Rf5 36. Rxf5 Kxf5 37. Kxh3 Kxf6 38. Kg4 b6 39. Kf4 Ng5 40. h4 Nh3+ 41. Kg3 Ng1 42. Nd2 Ne2+ 43. Kf3 Nc1 44. Ke4 Ke6 45. Nf3 Ne2 46. Ng5+ Kd6 47. Kf5 a6 48. Ne4+ Kd5 49. h5 1-0

[Event "Early-Titled-Tuesday-Blitz-January-16-2024"]
[Site "Chess.com"]
[Date "2024.01.16"]
[Round "8"]
[White "viktorgen2021"]
[Black "EvgenyBurmakin"]
[Result "0-1"]
[WhiteElo "2528"]
[BlackElo "2405"]
[TimeControl "180+1"]
[EndTime "9:31:56 PST"]
[Termination "EvgenyBurmakin won by resignation"]

1. d4 Nf6 2. Nf3 g6 3. g3 Bg7 4. Bg2 O-O 5. O-O d6 6. a4 a5 7. Nc3 c6 8. e4 Nbd7 9. h3 e5 10. dxe5 Nxe5 11. Nxe5 dxe5 12. Qe2 Be6 13. Be3 Qc7 14.
Rfd1 Rfd8 15. Rxd8+ Rxd8 16. Rd1 Rxd1+ 17. Qxd1 Bf8 18.
Kh2 Nd7 19. Ne2 Nc5 20. b3 b5 21. axb5 cxb5 22. Nc3 Qc6 23. Nd5 a4 24. bxa4 bxa4 25.
Qa1 Nd7 26. h4 h5 27. Bh6 Qxc2 28. Bxf8 Kxf8 29. Qa3+ Kg7 30. Qf3 Qb3 31. Qe2 a3 32.
f4 a2 33. Qe1 Qb1 0-1